 Dungeon Crawl Stone Soup version 0.31-a0-1549-g5ff9445e89 (webtiles) character file.

Game seed: 218648279931081398

774 innerfire43 the Ducker (level 7, 0/55 HPs)
             Began as a Demonspawn Wanderer on Jan 2, 2024.
             Was an Initiate of Hepliaklqana.
             Slain by Grinder (4 damage)
             ... on level 4 of the Dungeon.
             The game lasted 00:05:32 (2507 turns).

innerfire43 the Ducker (Demonspawn Wanderer)        Turns: 2507, Time: 00:05:32

Health: 0/55       AC:  9    Str: 10    XL:     7   Next: 53%
Magic:  7/7        EV: 15    Int: 11    God:    Hepliaklqana [......]
Gold:   145        SH:  0    Dex: 18    Spells: 6/6 levels left

rFire   . . .        h - +3 whip (venom)
rCold   . . .        (no shield)
rNeg    . . .        e - +0 robe
rPois   .            (no helmet)
rElec   .            (no cloak)
rCorr   .            (no gloves)
SInv    .            d - +0 pair of boots
Will    .....        f - amulet of faith
Stlth   ++           k - +4 ring of protection
HPRegen 0.29/turn    (no ring)
MPRegen 0.10/turn

%: faith
@: attractive
A: claws 2, thin metallic scales 1, ignite blood 1, spiny 2
a: Renounce Religion


You were on level 4 of the Dungeon.
You worshipped Hepliaklqana.
Hepliaklqana was noncommittal.
You visited 1 branch of the dungeon, and saw 4 of its levels.

You collected 145 gold pieces.

Inventory:

Hand Weapons
 a - a +3 dagger
 b - a +2 whip of freezing
 c - a +0 falchion
 h - a +3 whip of venom (weapon)
Armour
 d - a +0 pair of boots (worn)
 e - a +0 robe (worn)
Jewellery
 f - an amulet of faith (around neck)
 k - a +4 ring of protection (left claw)
Scrolls
 i - a scroll of immolation
 l - 2 scrolls of enchant armour {unknown}
 n - 3 scrolls of identify
 p - a scroll of enchant weapon
 r - a scroll of blinking
 s - a scroll of torment {unknown}
 t - a scroll of amnesia {unknown}
 u - a scroll of poison
 w - a scroll of butterflies {unknown}
Potions
 g - 2 potions of attraction
 j - a potion of magic {unknown}
 m - a potion of ambrosia {unknown}
 o - a potion of degeneration {unknown}
 q - a potion of lignification {unknown}
 v - a potion of enlightenment {unknown}


   Skills:
 + Level 4.9 Fighting
 - Level 2.4(3.0) Short Blades
 - Level 2.6(3.2) Long Blades
 + Level 3.1 Maces & Flails
 + Level 5.1 Dodging
 - Level 2.6 Stealth


You had 6 spell levels left.
You didn't know any spells.
Your spell library contained the following spells:

 Spells                   Type           Power      Damage    Failure   Level
 Cigotuvi's Dreadful Rot  Necr/Alch/Air  0%         N/A       47%         2
 Call Canine Familiar     Summ           0%         N/A       71%         3
 Sigil of Binding         Hex            0%         N/A       71%         3
 Dimensional Bullseye     Hex/Tloc       0%         N/A       98%         4
 Ignite Poison            Fire/Alch      0%         N/A       98%         4
 Freezing Cloud           Conj/Ice/Air   0%         6-21      100%        5


Dungeon Overview and Level Annotations

Branches:
Dungeon (4/15)
 Temple: D:4-7

Altars:
Hepliaklqana

Shops:
D:3 (

Annotations:
D:4 Grinder


Innate Abilities, Weirdness & Mutations

You have very sharp fingernails.
You are partially covered in thin metallic scales. (AC +2)
Your demonic aura sometimes causes spilled blood to erupt in flames.
You are mostly covered in sharp spines.


Message History

Grinder is moderately wounded.
Grinder barely misses you.
Grinder is nearby!
You closely miss Grinder.
Grinder is moderately wounded.
Grinder hits you!
You writhe in agony.
Grinder is nearby!
You barely miss Grinder.
Grinder is moderately wounded.
Grinder hits you.
You writhe in agony.
You are too injured to fight recklessly!
Grinder is nearby!
You are too injured to fight recklessly!
Grinder is nearby!
You are too injured to fight recklessly!
You are too injured to fight recklessly!
You hit Grinder.
Grinder is poisoned.
Grinder is moderately wounded.
Grinder is struck by your spines. Grinder hits you but does no damage.
You hit Grinder but do no damage.
Grinder looks even sicker.
Grinder is heavily wounded.
Grinder hits you.
You writhe in agony.
* * * LOW HITPOINT WARNING * * *
You hit Grinder.
Grinder is heavily wounded.
Grinder is struck by your spines. Grinder misses you.
You hit Grinder but do no damage.
Grinder is severely wounded.
Grinder hits you.
* * * LOW HITPOINT WARNING * * *
You writhe in agony.
* * * LOW HITPOINT WARNING * * *
You hit Grinder but do no damage.
Grinder is severely wounded.
Unknown command.
It was a potion of attraction.
You feel attractive to monsters. Grinder hits you.
You die...
Grinder says, "Hey, I wasn't done torturing you yet!"

.... ..... .....
.....# ....$.#
.....## #.5.##
#.@$## ##..$###
######<...## ##.
#....##....##...
#
.#....##...?..#
.
........#...###
## ..#........##
##.
............#
##..
............##
##...


You could see Grinder (very poisoned).

Vanquished Creatures
  Pikel (D:4)
  A water moccasin (D:4)
  6 adders
  3 gnolls (D:3)
  A dart slug (D:2)
  A ribbon worm (D:4)
  2 orcs (D:3)
  4 endoplasms
  6 giant cockroaches
  3 hobgoblins
  14 jackals
  5 kobolds
  A quokka (D:4)
  9 ball pythons
  8 bats
  6 frilled lizards
  7 goblins
  8 rats
86 creatures vanquished.

Notes
Turn   | Place    | Note
-------+----------+-------------------------------------------
     0 | D:1      | innerfire43 the Demonspawn Wanderer began the quest for the
                  | Orb.
     0 | D:1      | innerfire43 set off with the following items: a +2 dagger,
                  | 2 potions of heal wounds, a +0 falchion, a +0 pair of
                  | boots, a +0 robe.
     0 | D:1      | Reached XP level 1. HP: 15/15 MP: 1/1
   195 | D:1      | Gained mutation: You are partially covered in sharp spines.
                  | [demonic ancestry]
   195 | D:1      | Reached XP level 2. HP: 17/21 MP: 2/2
   298 | D:1      | Reached skill level 3 in Dodging
   316 | D:1      | Reached skill level 1 in Short Blades
   556 | D:1      | Gained mutation: You have sharp fingernails. [demonic
                  | ancestry]
   556 | D:1      | Reached XP level 3. HP: 27/27 MP: 3/3
  1146 | D:2      | Gained mutation: You have very sharp fingernails. [demonic
                  | ancestry]
  1146 | D:2      | Reached XP level 4. HP: 34/34 MP: 4/4
  1650 | D:3      | Found a faded altar of an unknown god.
  1751 | D:3      | Found a hazy altar of Hepliaklqana.
  1790 | D:3      | Became a worshipper of Hepliaklqana the Forgotten
  1905 | D:3      | Gained mutation: You are partially covered in thin metallic
                  | scales. (AC +2) [demonic ancestry]
  1905 | D:3      | Reached XP level 5. HP: 28/40 MP: 5/5
  1984 | D:3      | Found Ycov's Weapon Emporium.
  2211 | D:4      | Noticed a water moccasin
  2223 | D:4      | Killed a water moccasin
  2224 | D:4      | Reached skill level 1 in Maces & Flails
  2224 | D:4      | Reached skill level 4 in Dodging
  2224 | D:4      | Gained mutation: Your demonic aura sometimes causes spilled
                  | blood to erupt in flames. [demonic ancestry]
  2224 | D:4      | Reached XP level 6. HP: 21/47 MP: 6/6
  2369 | D:4      | Noticed Pikel
  2387 | D:4      | Killed Pikel
  2388 | D:4      | Reached skill level 5 in Dodging
  2388 | D:4      | Gained mutation: You are mostly covered in sharp spines.
                  | [demonic ancestry]
  2388 | D:4      | Reached XP level 7. HP: 27/55 MP: 7/7
  2492 | D:4      | Noticed Grinder
  2507 | D:4      | Slain by Grinder

Illustrated notes

Levels and vault maps discovered:
D:1:      lemuel_arrival_cross, layout_loops_ring, minmay_crystal_water,
          grunt_decor_junction
D:2:      layout_basic
D:3:      layout_rooms, nzn_hepliaklqana_mist_gate,
          hellmonk_ecumenical_altar_blasted, serial_shops, shop
D:4:      layout_cave_pods, nicolae_qazlal_beasts_of_the_sky,
          lemuel_doored_altar, uniq_pikel, uniq_grinder

Skill      XL: |  1  2  3  4  5  6 |
---------------+-------------------+-----
Dodging        | 3 4 5 |  5.1
Short Blades   | 1 2 |  2.4
Fighting       | 2 3 4 |  4.9
Maces & Flails | 1 3 |  3.1
Long Blades    | |  2.6
Stealth        | |  2.6

Action                     |  1- 3 |  4- 6 |  7- 9 || total
---------------------------+-------+-------+-------++-------
  Melee: Dagger            |    91 |   115 |       ||   206
         Punch             |       |     1 |       ||     1
         Whip              |       |       |    11 ||    11
    Use: Scroll            |     1 |     4 |       ||     5
         Potion            |       |     2 |     1 ||     3
   Stab: Sleeping          |     8 |     5 |       ||    13
 Armour: Robe              |    30 |    62 |     9 ||   101
  Dodge: Dodged            |    49 |    81 |     3 ||   133

Table legend: (Time is in decaauts)
 A = Elapsed time spent in this place.
 B = Non-inter-level travel time spent in this place.
 C = Inter-level travel time spent in this place.
 D = Time resting spent in this place.
 E = Time spent auto-exploring this place.
 F = Levels seen in this place.
 G = Mean time per level.
                   A        B        C        D        E       F      G
               +--------+--------+--------+--------+--------+-----+--------+
         Total |   2480 |   2431 |     49 |      0 |   1892 |   4 |  620.0 |
       Dungeon |   2480 |   2431 |     49 |      0 |   1892 |   4 |  620.0 |
               +--------+--------+--------+--------+--------+-----+--------+

Top non-repeatable levels by time:
     D:2: 862 daAuts
     D:1: 737 daAuts
     D:3: 464 daAuts
     D:4: 416 daAuts
